 Dungeon Crawl Stone Soup version 0.22-a0-904-g9a385b3 (webtiles) character file.

37 SirSamVimes the Skirmisher (level 3, -1/27 HPs)
             Began as a High Elf Archaeologist on Jan 22, 2020.
             Slain by a quokka (5 damage)
             ... on level 2 of the Dungeon.
             The game lasted 00:03:46 (1162 turns).

SirSamVimes the Skirmisher (High Elf Archaeologist) Turns: 1162, Time: 00:03:46

Health: -1/27      AC:  4    Str: 12    XL:     3   Next: 23%
Magic:  4/4        EV: 13    Int: 16    God:
Gold:   52         SH:  0    Dex: 14    Spells: 2/2 levels left

rFire    x . .     SeeInvis .   a - +0 whip
rCold    + . .     Gourm    .   (no shield)
rNeg     . . .     Faith    .   b - +1 robe
rPois    .         Spirit   .   c - +1 hat
rElec    .         Reflect  .   (no cloak)
rCorr    .         Harm     .   (no gloves)
MR       .....                  (no boots)
Stlth    ++........             (no amulet)
HPRegen  0.09/turn              k - ring of ice
MPRegen  0.09/turn              (no ring)

@: studying Polearms
A: no striking features
a: no special abilities


You were on level 2 of the Dungeon.
You were not hungry.
Buggy pledge.
You visited 1 branch of the dungeon, and saw 2 of its levels.

You collected 52 gold pieces.

Inventory:

Hand Weapons
 a - a +0 whip (weapon)
Armour
 b - a +1 robe (worn)
 c - a +1 hat (worn)
Jewellery
 k - a ring of ice (left hand)
 n - an uncursed ring of poison resistance {unknown}
Scrolls
 f - 6 scrolls of identify
 i - 2 scrolls of enchant weapon {unknown}
Potions
 h - a potion of might {unknown}
 j - a potion of brilliance {unknown}
 l - a potion of curing {unknown}
 m - a potion of flight {unknown}
Books
 d - a manual of Polearms
Miscellaneous
 e - an ancient crate
Comestibles
 g - 2 rations


   Skills:
 - Level 3.9 Fighting
 + Level 1.1 Polearms
 - Level 3.2 Dodging
 - Level 2.0 Stealth


You had 2 spell levels left.
You didn't know any spells.
Your spell library was empty.

Dungeon Overview and Level Annotations

Branches:
Dungeon (2/15)

Altars:
Hepliaklqana
Xom


Message History

The quokka is moderately wounded.
The quokka bites you but does no damage.
You hit the quokka but do no damage.
The quokka is moderately wounded.
The quokka closely misses you.
You hit the quokka but do no damage.
The quokka is moderately wounded.
The quokka closely misses you. x2
You closely miss the quokka.
The quokka is moderately wounded.
The quokka closely misses you.
You miss the quokka.
The quokka is moderately wounded.
The quokka barely misses you.
You hit the quokka but do no damage.
The quokka is moderately wounded.
The quokka bites you.
* * * LOW HITPOINT WARNING * * *
The quokka bites you.
You die...

#.# #. #.# ...... $ #.##.#
......# #.##.# #......#
#.##.# #......# #.##.#
#......#
##.##.###......#####
................@r.#
##.##.####....####.######.
#.##.........+...........
##.#######....####.#######
..........................
..#################.######
..# ... ### #..# ..#


You could see a quokka.

Vanquished Creatures
  An ooze (D:1)
  A dart slug (D:1)
  A leopard gecko (D:1)
  3 bats
  A giant cockroach (D:1)
  7 hobgoblins
  4 jackals (D:1)
  2 kobolds (D:1)
  3 goblins (D:1)
  3 rats
26 creatures vanquished.

Notes
Turn   | Place    | Note
-------+----------+-------------------------------------------
     0 | D:1      | SirSamVimes the High Elf Archaeologist began the quest for the Orb.
     0 | D:1      | Reached XP level 1. HP: 16/16 MP: 2/2
   274 | D:1      | Reached XP level 2. HP: 21/21 MP: 3/3
   698 | D:1      | Reached XP level 3. HP: 26/27 MP: 3/4
  1003 | D:2      | Found a shimmering altar of Xom.
  1004 | D:2      | Found a hazy altar of Hepliaklqana.
  1004 | D:2      | Noticed a glowing orange brain
  1005 | D:2      | Noticed a glowing orange brain
  1005 | D:2      | Noticed a spectral ugly thing
  1055 | D:2      | Reached skill level 1 in Polearms
  1162 | D:2      | Slain by a quokka

Vault maps used:
D:1:      saegor_arrival_simple_d, nrook_mini_vaults
D:2:      regret_index_temple_of_mockery, grunt_decor_cap

Skill      XL: |  1  2  3 |
---------------+----------+-----
Stealth        | 2 |  2.0
Polearms       | 1 |  1.1
Fighting       | |  3.9
Dodging        | |  3.2

Action                   || total
-------------------------++-------
Melee: Whip              ||   139
 Stab: Sleeping          ||     3
  Eat: Chunk             ||     1
Armor: Robe              ||    33
Dodge: Dodged            ||   123

Table legend:
 A = Spawn XP
 B = Non-spawn XP
 C = Spawn XP percentage of total XP
 D = Spawn monster count
 E = Non-spawn monster count
 F = Spawn count percentage of total count
 G = Total turns spent on level
                    A         B        C        D         E        F      G
               +---------+---------+-------+---------+---------+-------+---------
         Total |       0 |      54 |   0.0 |       0 |      26 |   0.0 |  1162
               +---------+---------+-------+---------+---------+-------+---------
           D:1 |       0 |      49 |   0.0 |       0 |      23 |   0.0 |   974
           D:2 |       0 |       5 |   0.0 |       0 |       3 |   0.0 |   188
               +---------+---------+-------+---------+---------+-------+---------
